 Dungeon Crawl Stone Soup version 0.27-a0-650-g8dd3ea4f36 (webtiles) character file.

Game seed: 13119766716881981740

5 inc the Scratcher (level 1, -1/10 HPs)
             Began as a Felid Chaos Knight on Mar 15, 2021.
             Was a Plaything of Xom.
             Slain by a hobgoblin
             ... wielding a +0 club
              (4 damage)
             ... on level 1 of the Dungeon.
             The game lasted 00:00:25 (160 turns).

inc the Scratcher (Felid Chaos Knight)               Turns: 160, Time: 00:00:25

Health: -1/10      AC:  1    Str:  8    XL:     1   Next: 66%
Magic:  2/2        EV: 17    Int: 13    God:    Xom [..*...]
Gold:   5          SH:  0    Dex: 15    Spells: 0/0 levels left
                                        Lives:  0   Deaths: 0

rFire    . . .     SeeInvis +     - Unarmed
rCold    . . .     Faith    .   (shield unavailable)
rNeg     . . .     Spirit   .   (armour unavailable)
rPois    .         Reflect  .   (helmet unavailable)
rElec    .         Harm     .   (cloak unavailable)
rCorr    .         Rampage  .   (gloves unavailable)
Will     .....                  (boots unavailable)
Stlth    ++........             (no amulet)
HPRegen  0.03/turn              (no ring)
MPRegen  0.08/turn              (no ring)

@: quick
A: very small, claws 1, fangs 3, see invisible, speed 1, shaggy fur 1, stealthy
paws, no weapons or thrown items, no armour, multi-lived
a: Renounce Religion


You were on level 1 of the Dungeon.
You worshipped Xom.
You were a toy of Xom.
You visited 1 branch of the dungeon, and saw 1 of its levels.

You collected 5 gold pieces.

Inventory:

Scrolls
 b - a scroll of amnesia {unknown}
Potions
 a - a potion of brilliance {unknown}


   Skills:
 - Level 3.0 Fighting
 - Level 3.2 Dodging
 + Level 3.4 Unarmed Combat


You couldn't memorise any spells.
You didn't know any spells.
Your spell library was empty.

Dungeon Overview and Level Annotations

Branches:
Dungeon (1/15)

Altars:


Innate Abilities, Weirdness & Mutations

You have sharp claws.
You have razor-sharp teeth.
You have supernaturally acute eyesight. (SInv)
You cover ground quickly. (Speed+)
You are covered in fur. (AC +1)
Your stealthy paws help you sneak and pounce on unaware monsters.
You are incapable of wielding weapons or throwing items.
You cannot wear armour.
You gain extra lives every three experience levels.


Message History

A bat comes into view.
The bat moves out of view.
A hobgoblin comes into view. It is wielding a +0 club.
The hobgoblin shouts!
Found 11 gold pieces.
The goblin completely misses you.
You barely miss the goblin. You bite the goblin.
You kill the goblin!
The bat misses you. The bat barely misses you. The bat barely misses you.
The hobgoblin barely misses you.
You barely miss the hobgoblin. Your bite misses the hobgoblin.
The bat barely misses you. The hobgoblin hits you with a +0 club.
A shower of butterflies erupts from you!
The bat hits you.
You closely miss the hobgoblin. The bat hits you.
The hobgoblin hits you with a +0 club.
* * * LOW HITPOINT WARNING * * *
You swap places.
The bat hits you.
* * * LOW HITPOINT WARNING * * *
Unknown command.
The bat misses you.
The bat completely misses your butterfly.
The bat closely misses you. Something hits your butterfly.
Your butterfly dies!
The bat closely misses your butterfly. The bat barely misses your butterfly.
There is an open door here.
You close the door.
You start resting.
A hobgoblin opens the door.
It is wielding a +0 club.
You scratch the hobgoblin.
The hobgoblin is almost dead.
The hobgoblin closely misses you.
You completely miss the hobgoblin. Your bite misses the hobgoblin.
The hobgoblin is almost dead.
The hobgoblin hits you with a +0 club.
You die... "It was about time."

######
#....##############
+....g@..........>#
#####....########.#####
#...#....# #.#
#...^....# #.#
#........# #.#
#........# #.#
##.....### #.# #...).#
#.# #.....# #.#


You could see a hobgoblin.

Vanquished Creatures
  A dart slug (D:1)
  A goblin (D:1)
  A frilled lizard (D:1)
  A kobold (D:1)
4 creatures vanquished.

Notes
Turn   | Place    | Note
-------+----------+-------------------------------------------
     0 | D:1      | inc the Felid Chaos Knight began the quest for the Orb.
     0 | D:1      | Reached XP level 1. HP: 10/10 MP: 2/2
   108 | D:1      | XOM: butterfly on damage
   160 | D:1      | Slain by a hobgoblin

Illustrated notes

Levels and vault maps discovered:
D:1:      lemuel_arrival_river_bridge, layout_basic

Action                   || total
-------------------------++-------
Melee: Unarmed           ||    12
       Bite              ||     1
 Stab: Sleeping          ||     1
Dodge: Dodged            ||    14

Table legend: (Time is in decaauts)
 A = Elapsed time spent in this place.
 B = Non-inter-level travel time spent in this place.
 C = Inter-level travel time spent in this place.
 D = Time resting spent in this place.
 E = Time spent auto-exploring this place.
 F = Levels seen in this place.
 G = Mean time per level.
                   A        B        C        D        E       F      G
               +--------+--------+--------+--------+--------+-----+--------+
         Total |    132 |    132 |      0 |      8 |     61 |   1 |  132.0 |
       Dungeon |    132 |    132 |      0 |      8 |     61 |   1 |  132.0 |
               +--------+--------+--------+--------+--------+-----+--------+

Top non-repeatable levels by time:
     D:1: 132 daAuts
